 Dungeon Crawl Stone Soup version 0.16-a0-702-gf4f471d (webtiles) character file.

86 PolkaDot the Skirmisher (level 4, 0/35 (40) HPs)
             Began as a Draconian Transmuter on Sept 20, 2014.
             Slain by Grinder (5 damage)
             ... on Level 3 of the Dungeon.
             The game lasted 00:10:17 (3017 turns).

PolkaDot the Skirmisher (Draconian Transmuter)      Turns: 3017, Time: 00:10:18

HP   0/35 (40)   AC  5     Str 13      XL: 4   Next: 26%
MP   6/7         EV 12     Int 13      God:
Gold 169         SH  0     Dex 12      Spells:  3 memorised,  1 level left

rFire  + . .     SeeInvis .       - Unarmed
rCold  + . .     Clarity  .     (armour unavailable)
rNeg   . . .     rCorr    +     (no shield)
rPois  +         rRot     .     (helmet restricted)
rElec  +         Spirit   .     (no cloak)
SustAb .         Warding  .     (no gloves)
rMut   .         Stasis   .     (no boots)
Gourm  .                        (no amulet)
MR     .....                    (no ring)
                                j - +2 ring of slaying

@: appendage (expiring), resistant, not resistant to hostile enchantments, very
unstealthy
A: unfitting armour, horns 2, cold-blooded, AC +5
a: End Transformation


You were on level 3 of the Dungeon.
You were not hungry.
You had grown temporary horns.
You visited 1 branch of the dungeon, and saw 3 of its levels.

You collected 169 gold pieces.

Inventory:

Missiles
 b - 12 arrows
 o - 5 steel tomahawks (quivered)
 u - 5 tomahawks
 w - 8 javelins
Comestibles
 a - 2 bread rations
 g - a beef jerky
 h - a meat ration
 m - a chunk of rat flesh
Scrolls
 c - 7 scrolls of recharging {unknown}
 i - 3 scrolls of remove curse {unknown}
 l - a scroll of fear {unknown}
 n - 5 scrolls of identify {unknown}
 p - a scroll of blinking {unknown}
 q - a scroll of enchant armour {unknown}
 t - a scroll of teleportation {unknown}
 x - a scroll of magic mapping {unknown}
Jewellery
 j - a +2 ring of slaying (left hand)
 r - a cursed -2 ring of dexterity {unknown}
Potions
 z - a potion of restore abilities
Books
 d - a book of Changes

   Spells                             Type                      Level
   *Beastly Appendage                 Transmutation                1
   *Sticks to Snakes                  Transmutation                2
   *Spider Form                       Transmutation/Poison         3
   Ice Form                           Ice/Transmutation            4
   Blade Hands                        Transmutation                5


   Skills:
 - Level 4.0 Fighting
 - Level 1.4 Throwing
 - Level 1.7 Dodging
 * Level 3.1 Unarmed Combat
 - Level 2.0 Spellcasting
 - Level 2.0 Transmutations


You had one spell level left.
You knew the following spells:

 Your Spells              Type           Power        Failure   Level  Hunger
a - Beastly Appendage     Trmt           #.....       12%         1    ##.....
s - Sticks to Snakes      Trmt           #.........   17%         2    ###....
S - Spider Form           Trmt/Pois      #.........   52%         3    ####...


Dungeon Overview and Level Annotations

Branches:
Dungeon (3/15)

Altars:
Qazlal
Vehumet

Annotations:
D:3 Grinder


Innate Abilities, Weirdness & Mutations

Your plain brown scales are hard (AC +5).
Your body does not fit into most forms of armour.
Your cold-blooded metabolism reacts poorly to cold.
You have a pair of horns on your head.


Message History

* * * LOW HITPOINT WARNING * * *
You hit Grinder.
Grinder is heavily wounded.
Grinder gestures at you. Pain shoots through your body!
* * * LOW HITPOINT WARNING * * *
You hit Grinder.
Grinder is heavily wounded.
Your transformation is almost over.
Grinder hits you.
* * * LOW HITPOINT WARNING * * *
You writhe in agony.
* * * LOW HITPOINT WARNING * * *
You closely miss Grinder.
Grinder is heavily wounded.
Grinder says, "Just stop there for a second..."
Grinder hits you.
* * * LOW HITPOINT WARNING * * *
You writhe in agony.
You die...

........#....# #........#....#
.#...#..#....###########.#..#.#
.#.#.#......)............#..#.#
...#.##.#....#........##....#.#
..##..#.###...........##.#.##.#
.........##...........##.#.##..
...##.#..##..............#.####
.........##....5##########.#
.........##.....@..........#
.........##................'
.........###+###........ ..#
#(......## #........ .
.....#..# #........ ...#.##.#
#....... ...#.##.# #......
.......>####.# #.....
.....#.......# ###


You could see Grinder.

Vanquished Creatures
  An adder (D:2)
  A giant mite (D:2)
  A worm (D:2)
  2 giant geckos (D:1)
  An orc (D:3)
  13 hobgoblins
  3 jackals (D:1)
  6 kobolds
  2 quokkas (D:2)
  5 bats
  6 giant cockroaches
  4 giant newts
  7 goblins
  5 rats
57 creatures vanquished.

Notes
Turn   | Place    | Note
--------------------------------------------------------------
     0 | D:1      | PolkaDot, the Draconian Transmuter, began the quest for the Orb.
     0 | D:1      | Reached XP level 1. HP: 16/16 MP: 3/3
   598 | D:1      | Reached XP level 2. HP: 18/25 MP: 1/4
  1211 | D:1      | Reached XP level 3. HP: 31/31 MP: 6/6
  1508 | D:1      | Learned a level 2 spell: Sticks to Snakes
  1587 | D:2      | Reached skill level 1 in Throwing
  2105 | D:2      | Reached XP level 4. HP: 33/40 MP: 5/7
  2256 | D:2      | Found a stormy altar of Qazlal.
  2257 | D:2      | Found a radiant altar of Vehumet.
  2417 | D:3      | Learned a level 3 spell: Spider Form
  2673 | D:3      | Reached skill level 4 in Fighting
  2988 | D:3      | Noticed Grinder
  2992 | D:3      | Paralysed by Grinder for 6 turns
  3017 | D:3      | Slain by Grinder

Action                   |  1- 3 |  4- 6 || total
-------------------------+-------+-------++-------
Melee: Unarmed           |   129 |    49 ||   178
Throw: Tomahawk          |     5 |       ||     5
 Cast: Beastly Appendage |    19 |     6 ||    25
  Use: Potion            |       |     9 ||     9
  Eat: Chunk             |     4 |     3 ||     7
